 Dungeon Crawl Stone Soup version 0.30-a0-802-gb92711bcdf (webtiles) character file.

Game seed: 4081458013564164605

985 BigDaddyOpFi the Covered (level 7, -3/64 HPs)
             Began as an Armataur Fighter on Feb 24, 2023.
             Killed from afar by Ijyb (18 damage)
             ... with a bolt of acid
             ... on level 5 of the Dungeon.
             The game lasted 00:05:38 (5448 turns).

BigDaddyOpFi the Covered (Armataur Fighter)         Turns: 5448, Time: 00:05:39

Health: -3/64      AC: 13    Str: 24    XL:     7   Next: 97%
Magic:  7/7        EV:  6    Int:  8    God:
Gold:   165        SH:  5    Dex:  9    Spells: 6/6 levels left

rFire   x . .      SeeInvis .    a - +0 long sword (protect)
rCold   + . .      Faith    .    c - +0 buckler
rNeg    . . .      Spirit   .    i - +0 chain mail
rPois   .          Reflect  .    (no helmet)
rElec   .          Harm     .    (no cloak)
rCorr   .          Roll     +    r - +0 pair of gloves
Will    .....                    (no barding) Stlth
                                 (no amulet)
HPRegen 0.30/turn                e - ring of ice
MPRegen 0.10/turn                o - ring of wizardry

@: mighty, lethally poisoned (-3 -> -10), corroded, under a protective aura
A: large, rugged brown scales 3, deformed body, armoured tail, roll, long
tongue, awkward tongue
a: no special abilities


You were on level 5 of the Dungeon.
You visited 1 branch of the dungeon, and saw 5 of its levels.

You collected 165 gold pieces.

Inventory:

Hand Weapons
 a - a +0 long sword of protection (weapon)
 f - a +3 lajatang
Armour
 c - a +0 buckler (worn)
 i - a +0 chain mail (worn)
 r - a +0 pair of gloves (worn)
Jewellery
 e - a ring of ice (left hand)
 o - a ring of wizardry (right hand)
Scrolls
 g - 3 scrolls of fear
 j - 3 scrolls of enchant armour
 k - a scroll of magic mapping
Potions
 h - a potion of cancellation
 l - a potion of invisibility
 m - 2 potions of attraction
 n - a potion of brilliance
 q - a potion of degeneration {unknown}
 s - a potion of heal wounds {unknown}


   Skills:
 + Level 4.9 Fighting
 + Level 4.5 Long Blades
 + Level 6.5 Armour
 + Level 6.0 Shields


You had 6 spell levels left.
You didn't know any spells.
Your spell library contained the following spells:

 Spells                   Type           Power      Damage    Failure   Level
 Foxfire                  Conj/Fire      0%         2x1d4     75%         1
 Freeze                   Ice            0%         1d3       75%         1
 Frozen Ramparts          Ice            0%         1d1       98%         3
 Hailstorm                Conj/Ice       0%         3d3       98%         3
 Passage of Golubria      Tloc           0%         N/A       100%        4
 Fireball                 Conj/Fire      0%         3d3       100%        5
 Silence                  Hex/Air        0%         N/A       100%        5
 Starburst                Conj/Fire      0%         6d3       100%        6
 Lehudib's Crystal Spear  Conj/Erth      0%         10d2      100%        8


Dungeon Overview and Level Annotations

Branches:
Dungeon (5/15)
 Temple: D:4-7

Altars:

Annotations:
D:5 Ijyb


Innate Abilities, Weirdness & Mutations

You are completely covered in rugged brown scales. (AC +3, +7% HP)
Armour fits poorly on your strangely shaped body.
You have a long armoured tail.
You roll when moving toward enemies. (Rampage)
Your long tongue fully drains potion bottles. (2x potion effects)
Your tongue gives you trouble enunciating. (1.5x scroll delay)


Message History

You barely miss Ijyb.
Ijyb is heavily wounded.
Ijyb hits you but does no damage.
You are poisoned.
Ijyb zaps a wand.
The bolt of acid hits you!
* * * LOW HITPOINT WARNING * * *
The acid corrodes you!
You hit Ijyb but do no damage.
Your weapon exudes an aura of protection.
Ijyb is heavily wounded.
You feel very sick.
Ijyb hits you with a +0 dagger of venom.
* * * LOW HITPOINT WARNING * * *
You are lethally poisoned!
You slurp down every last drop of the potion of curing!
You feel better.
Ijyb hits you with a +0 dagger of venom.
You are poisoned.
You slurp down every last drop of the potion of might!
You feel very mighty all of a sudden.
You feel sick. You block Ijyb's attack.
Hit: a) +0 long sword (protect)
Press: ? - help, Dir - move target, f - Ijyb
Aim: Ijyb, wielding a +0 dagger of venom, wearing a +0 leather armour and carrying a wand of acid (2) (heavily wounded, about 50% to evade your +0 long sword of protection)
Okay, then.
You hit Ijyb.
Ijyb is heavily wounded.
You feel sick. Ijyb hits you but does no damage.
You are more poisoned.
You closely miss Ijyb.
Ijyb is heavily wounded.
You feel very sick. You block Ijyb's attack.
Aiming: Charm
Press: ? - help, Q - select action Shift-Dir - straight line, f - Ijyb
Aim: Ijyb, wielding a +0 dagger of venom, wearing a +0 leather armour and carrying a wand of acid (2) (heavily wounded, chance to affect: 57%) Ijyb resists with significant effort.
The now-empty wand crumbles to dust.
You feel very sick.
Ijyb zaps a wand.
The bolt of acid hits you!!
You die...

#.## .##### ..
#.>####.....#
##.####.....<..<..##
.............>......
#...........!.....##
............#######
#..........##
#..........#
.......@..##
......g....#
#........>.#
#..........#
#..........#
#........?.#
#........)#.
#.#.........~


You could see Ijyb.

Vanquished Creatures
  Sigmund (D:2)
  Edmund (D:4)
  3 scorpions (D:4)
  The ghost of retardedninja the Trooper, a weakling MiFi (D:3)
  3 orc priests
  4 iguanas
  Terence (D:3)
  An orc wizard (D:3)
  4 gnolls (D:4)
  8 adders
  2 ufetubi (D:4)
  2 worms
  4 dart slugs
  4 orcs
  13 endoplasms
  5 giant cockroaches
  6 goblins
  9 hobgoblins
  8 jackals
  4 quokkas
  5 ball pythons
  4 bats
  5 frilled lizards
  5 kobolds
  5 rats
108 creatures vanquished.

Vanquished Creatures (collateral kills)
  A gnoll (D:4)
  A worm (D:4)
2 creatures vanquished.

Vanquished Creatures (others)
  A gnoll bouda (D:4)
  2 gnolls (D:4)
3 creatures vanquished.

Grand Total: 113 creatures vanquished

Notes
Turn   | Place    | Note
-------+----------+-------------------------------------------
     0 | D:1      | BigDaddyOpFi the Armataur Fighter began the quest for the
                  | Orb.
     0 | D:1      | Reached XP level 1. HP: 19/19 MP: 1/1
   190 | D:1      | Reached XP level 2. HP: 5/26 MP: 2/2
   849 | D:2      | Reached XP level 3. HP: 33/33 MP: 3/3
   937 | D:2      | Found a faded altar of an unknown god.
  1256 | D:2      | Noticed Sigmund
  1267 | D:2      | Killed Sigmund
  1268 | D:2      | Reached skill level 5 in Armour
  1268 | D:2      | Reached XP level 4. HP: 25/42 MP: 4/4
  1268 | D:2      | Reached XP level 5. HP: 29/49 MP: 5/5
  1919 | D:3      | Reached XP level 6. HP: 55/55 MP: 6/6
  2428 | D:3      | Noticed Terence
  2441 | D:3      | Killed Terence
  2690 | D:3      | Found a runed translucent door.
  2692 | D:3      | Noticed retardedninja's ghost (weakling MiFi)
  2706 | D:3      | Killed retardedninja's ghost
  2707 | D:3      | Reached skill level 5 in Shields
  3154 | D:3      | Reached XP level 7. HP: 63/63 MP: 7/7
  5200 | D:5      | Entered Level 5 of the Dungeon
  5200 | D:5      | Noticed Edmund
  5237 | D:4      | Killed Edmund
  5438 | D:5      | Noticed Ijyb
  5448 | D:5      | Killed from afar by Ijyb

Illustrated notes

Levels and vault maps discovered:
D:1:      dpeg_arrival_snail, layout_basic, serial_curves, eino_curves_02,
          eino_curves_04, serial_bayou_lagoon_a, st_stairs_5
D:2:      layout_loops_cross, hellmonk_ecumenical_altar_inner_sanctum,
          uniq_sigmund
D:3:      layout_basic, ebering_ghost_reflecting_pool, uniq_terence
D:4:      layout_basic, minmay_crossroads
D:5:      layout_rooms, old_standard_altar, chequers_serial_rivers_marsh,
          interstate_on_off, guppyfry_early_lair_pool, uniq_ijyb, uniq_edmund

Skill      XL: |  1  2  3  4  5  6  7 |
---------------+----------------------+-----
Long Blades    | 2 3 4 |  4.5
Armour         | 4 5 6 |  6.5
Fighting       | 3 4 |  4.9
Shields        | 4 5 6 |  6.0

Action                     |  1- 3 |  4- 6 |  7- 9 || total
---------------------------+-------+-------+-------++-------
  Melee: Long sword        |   133 |   179 |   138 ||   450
         Tailslap          |    14 |    26 |    19 ||    59
  Evoke: Wand              |       |       |    10 ||    10
    Use: Scroll            |     8 |     1 |     2 ||    11
         Potion            |     7 |     1 |     3 ||    11
 Armour: Scale mail        |    41 |       |       ||    41
         Chain mail        |    41 |   136 |   119 ||   296
         Skin              |       |       |     2 ||     2
  Dodge: Dodged            |    36 |    67 |    54 ||   157
  Block: Buckler           |    27 |    45 |    54 ||   126

Table legend: (Time is in decaauts)
 A = Elapsed time spent in this place.
 B = Non-inter-level travel time spent in this place.
 C = Inter-level travel time spent in this place.
 D = Time resting spent in this place.
 E = Time spent auto-exploring this place.
 F = Levels seen in this place.
 G = Mean time per level.
                   A        B        C        D        E       F      G
               +--------+--------+--------+--------+--------+-----+--------+
         Total |   5565 |   5472 |     93 |   1587 |   2875 |   5 | 1113.0 |
       Dungeon |   5565 |   5472 |     93 |   1587 |   2875 |   5 | 1113.0 |
               +--------+--------+--------+--------+--------+-----+--------+

Top non-repeatable levels by time:
     D:4: 2119 daAuts
     D:3: 1719 daAuts
     D:1: 869 daAuts
     D:2: 838 daAuts
     D:5: 17 daAuts
